 Dungeon Crawl Stone Soup version 0.28.0-1-gb440e238dd (webtiles) character file.

Game seed: 12205582651984714642

171 mortz the Conjurer (level 5, -16/38 HPs)
             Began as a Draconian Conjurer on Feb 26, 2022.
             Demolished by an ogre (24 damage)
             ... on level 3 of the Dungeon.
             The game lasted 00:12:34 (2351 turns).

mortz the Conjurer (Draconian Conjurer)             Turns: 2351, Time: 00:12:35

Health: -16/38     AC:  5    Str:  9    XL:     5   Next: 26%
Magic:  1/9        EV: 12    Int: 20    God:
Gold:   185        SH:  0    Dex: 10    Spells: 7/10 levels left

rFire   . . .      SeeInvis .   i - +0 morningstar {mace}
rCold   . . .      Faith    .   (no shield)
rNeg    . . .      Spirit   .   (armour unavailable)
rPois   .          Reflect  .   (helmet restricted)
rElec   .          Harm     .   (no cloak)
rCorr   .          Rampage  .   (no gloves)
Will    .....                   (no boots)
Stlth   ++........              (no amulet)
HPRegen 0.12/turn               (no ring)
MPRegen 0.11/turn               (no ring)

@: no status effects
A: AC +5, unfitting armour, cold-blooded
a: no special abilities


You were on level 3 of the Dungeon.
You visited 1 branch of the dungeon, and saw 3 of its levels.

You collected 185 gold pieces.


Innate Abilities, Weirdness & Mutations

Your plain brown scales are hard. (AC +5)
You cannot fit into any form of body armour.
You are cold-blooded and may be slowed by cold attacks.


   Skills:
 + Level 0.1 Maces & Flails
 + Level 0.1 Throwing
 + Level 2.2 Dodging
 + Level 2.0 Stealth
 + Level 3.3 Spellcasting
 + Level 5.4 Conjurations


You had 7 spell levels left.
You knew the following spells:

 Your Spells              Type           Power      Damage    Failure   Level
a - Magic Dart            Conj           100%       1d8       1%          1
b - Searing Ray           Conj           50%        2d6       2%          2

Your spell library contained the following spells:

 Spells                   Type           Power      Damage    Failure   Level
 Dazzling Flash           Conj/Hex       28%        N/A       14%         3
 Fulminant Prism          Conj/Hex       7%         3d7       41%         4
 Iskenderun's Mystic Bla  Conj/Tloc      14%        2d5       41%         4

Inventory:

Hand Weapons
 e - a +0 dagger {short}
   (You took it off a goblin on level 1 of the Dungeon)
 i - a +0 morningstar (weapon) {mace}
   (You found it on level 2 of the Dungeon)
Missiles
 n - a curare-tipped dart {=fthrowing}
Wands
 h - a wand of acid (6)
   (You found it on level 3 of the Dungeon)
 l - a wand of iceblast (11)
   (You found it on level 2 of the Dungeon)
Scrolls
 b - a scroll of vulnerability {unknown}
 f - 2 scrolls of identify {unknown}
 g - a scroll of summoning {unknown}
 j - a scroll of amnesia {unknown}
 m - a scroll of teleportation {unknown}
Potions
 a - 2 potions of flight {unknown}
 c - 2 potions of resistance {unknown}
 d - 3 potions of brilliance {unknown}
 k - a potion of ambrosia {unknown}

Dungeon Overview and Level Annotations

Branches:
Dungeon (3/15)

Altars:

Portals:
Sewer: D:3

Annotations:
D:3 Grinder

.# #.........###
#..# ##
#............
#..# #
###.........###
#..#
............<...
.###..#†.≈#.....
.....≈≈≈≈≈.....
##.#≈≈≈≈≈≈≈#...
....≈≈≈B≈≈≈...#
.#...≈≈≈@≈≈≈...#
....≈≈≈O≈≈≈..##
#..#≈≈≈≈≈≈≈#.#
#....≈≈≈≈≈...#
#....#...#..##
##.........##
##.....####
#######


You could see an ogre and a giant cockroach.


Message History

Casting: Magic Dart (safe; 1% risk of failure)
Confirm with . or Enter, or press ? or * to list all spells.
Aiming: Searing Ray (safe; 2% risk of failure)
Press: ? - help, Shift-Dir - straight line, f/p - Ijyb
Aim: Ijyb, wielding a +0 club, wearing a +1 leather armour of positive energy and carrying a wand of iceblast (4) (heavily wounded, very poisoned, slow, 74% to hit)
The searing ray hits Ijyb but does no damage. (Press . to maintain the ray.) 😎 MP[-2]
You lost 2 mp, and now have 4/9 mp.
The searing ray hits Ijyb. 😎 MP[-1]
You lost 1 mp, and now have 3/9 mp.
The searing ray hits Ijyb.
You kill Ijyb! 😎 MP[-1]
You lost 1 mp, and now have 2/9 mp.
You start resting.
You hear the brisk rusting of a drain very nearby. 😎 MP[+7]
Your mp is fully restored (9).
l - a wand of iceblast (11) (gained 4 charges)
Things that are here:
a +0 club {mace}; a +1 leather armour of positive energy
Found an escape hatch in the ceiling.
n - a curare-tipped dart {=fthrowing} A giant cockroach comes into view.
A ball python comes into view.
The ball python hisses angrily.
Found a glowing drain.
The giant cockroach closely misses you.
You barely miss the ball python.
Your tail-slap misses the ball python.
The giant cockroach closely misses you. The ball python barely misses you. x2
The giant cockroach closely misses you. The ball python bites you.
The ball python closely misses you. 😕 HP[-2]
You take 2 damage, and now have 36/38 hp.
You puncture the ball python!
You kill the ball python!
The giant cockroach bites you but does no damage.
The giant cockroach bites you. 😕 HP[-1]
You take 1 damage, and now have 35/38 hp.
You enter the shallow water.
Moving in this stuff is going to be slow.
The giant cockroach closely misses you.
An ogre comes into view. It is wielding a +0 giant club.
The ogre shouts!
There is a glowing drain here. 😕 HP[+1]
Casting: Searing Ray (safe; 2% risk of failure)
Confirm with . or Enter, or press ? or * to list all spells.
Aiming: Searing Ray (safe; 2% risk of failure)
Press: ? - help, Shift-Dir - straight line, f - giant cockroach
Aim: a giant cockroach (79% to hit)
The searing ray hits the giant cockroach. (Press . to maintain the ray.)
The ogre closely misses you.
The giant cockroach bites you but does no damage. 😕 MP[-2]
You lost 2 mp, and now have 7/9 mp.
Casting: Searing Ray (safe; 2% risk of failure)
Confirm with . or Enter, or press ? or * to list all spells.
Restarting spell: Searing Ray (safe; 2% risk of failure)
Press: ? - help, Shift-Dir - straight line, f - ogre, p - giant cockroach
Aim: an ogre, wielding a +0 giant club (90% to hit)
The searing ray hits the ogre. (Press . to maintain the ray.)
The giant cockroach bites you.
The ogre hits you with a +0 giant club! 😮 HP[-8] MP[-2]
You take 8 damage, and now have 28/38 hp.
MASSIVE DAMAGE!! (PAUSE)
You lost 2 mp, and now have 5/9 mp.
The searing ray hits the ogre.
The giant cockroach misses you. The ogre hits you with a +0 giant club!
* * * LOW HITPOINT WARNING * * *
😨 HP[-12] MP[-1]
You take 12 damage, and now have 16/38 hp.
MASSIVE DAMAGE!! (PAUSE)
You lost 1 mp, and now have 4/9 mp.
The searing ray hits the ogre!
The giant cockroach bites you but does no damage.
The giant cockroach misses you. 😨 MP[-1]
You lost 1 mp, and now have 3/9 mp.
The searing ray misses the ogre.
You finish channelling your searing ray.
The ogre hits you with a +0 giant club!
* * * LOW HITPOINT WARNING * * *
The giant cockroach misses you. 😱 HP[-8] MP[-1]
You take 8 damage, and now have 8/38 hp.
MASSIVE DAMAGE!! (PAUSE)
You lost 1 mp, and now have 2/9 mp.
Aiming: Magic Dart (safe; 1% risk of failure)
Press: ? - help, Q - select action, (/) - cycle Shift-Dir - straight line, f/p - ogre
Aim: an ogre, wielding a +0 giant club (heavily wounded, 100% to hit)
The magic dart hits the ogre.
The ogre hits you with a +0 giant club!!
Ouch! That really hurt!
You die...

Skill      XL: |  1  2  3  4 |
---------------+-------------+-----
Dodging        | 2 |  2.2
Stealth        | 2 |  2.0
Conjurations   | 5 |  5.4
Spellcasting   | 3 |  3.3
Maces & Flails | |  0.1
Throwing       | |  0.1

Action                   |  1- 3 |  4- 6 || total
-------------------------+-------+-------++-------
Melee: Club              |     2 |       ||     2
       Dagger            |     3 |       ||     3
       Tailslap          |     1 |       ||     1
       Morningstar       |       |     2 ||     2
Throw: Dart              |       |    10 ||    10
 Cast: Magic Dart        |    50 |    24 ||    74
       Searing Ray       |     3 |     7 ||    10
Armor: Skin              |     4 |     3 ||     7
Dodge: Dodged            |     2 |    12 ||    14

Levels and vault maps discovered:
D:1:      dpeg_arrival_central, layout_basic
D:2:      layout_basic, hellmonk_ecumenical_altar_inner_sanctum,
          minmay_misc_feat_x, kennysheep_nondescript, minmay_cut_off
D:3:      layout_basic, cheibrodos_sewer_entry_drain, uniq_ijyb, uniq_jessica,
          uniq_grinder

Notes
Turn   | Place    | Note
-------+----------+-------------------------------------------
     0 | D:1      | mortz the Draconian Conjurer began the quest for the Orb.
     0 | D:1      | Reached XP level 1. HP: 14/14 MP: 3/3
     0 | D:1      | magus.rc [v1.9.6]
   236 | D:1      | Reached XP level 2. HP: 20/20 MP: 0/5
   470 | D:1      | Learned a level 2 spell: Searing Ray
  1025 | D:1      | Reached XP level 3. HP: 26/26 MP: 3/6
  1122 | D:2      | Reached skill level 2 in Dodging
  1282 | D:2      | Reached skill level 2 in Stealth
  1282 | D:2      | Reached skill level 5 in Conjurations
  1282 | D:2      | Reached XP level 4. HP: 33/33 MP: 4/8
  1831 | D:2      | Found a faded altar of an unknown god.
  2044 | D:3      | Reached skill level 3 in Spellcasting
  2074 | D:3      | Noticed Jessica
  2078 | D:3      | Killed Jessica
  2079 | D:3      | Reached XP level 5. HP: 38/38 MP: 9/9
  2113 | D:3      | Noticed Grinder
  2259 | D:3      | Noticed Ijyb
  2267 | D:3      | Killed Ijyb
  2336 | D:3      | Found a glowing drain.
  2343 | D:3      | Noticed an ogre
  2350 | D:3      | HP: 8/38 [ogre (8)]
  2351 | D:3      | Demolished by an ogre

Vanquished Creatures
  A hound (D:2)
  Jessica (D:3)
  An iguana (D:2)
  Ijyb (D:3)
  An adder (D:2)
  2 dart slugs (D:1)
  7 ball pythons
  4 bats
  6 endoplasms
  3 giant cockroaches
  3 hobgoblins
  5 jackals (D:1)
  A quokka (D:1)
  2 frilled lizards
  4 goblins
  3 kobolds
  6 rats
51 creatures vanquished.

Table legend:
 A = Non-vault XP
 B = Vault XP
 C = Vault XP percentage of total XP
 D = Non-vault monster count
 E = Vault monster count
 F = Vault count percentage of total count
                 A         B        C        D         E       F
            +---------+---------+-------+---------+---------+-------
      Total |     131 |     114 |  46.5 |      45 |       6 |  11.8
            +---------+---------+-------+---------+---------+-------
        D:1 |      46 |       0 |   0.0 |      24 |       0 |   0.0
        D:2 |      71 |      40 |  36.0 |      11 |       3 |  21.4
        D:3 |      14 |      74 |  84.1 |      10 |       3 |  23.1
            +---------+---------+-------+---------+---------+-------

Illustrated notes

Table legend:
 A = Kills in this place as a percentage of kills in entire the game.
 B = Kills by you in this place as a percentage of kills by you in the entire game.
 C = Kills by friends in this place as a percentage of kills by friends in the entire game.
 D = Other kills in this place as a percentage of other kills in the entire game.
 E = Experience gained in this place as a percentage of experience gained in the entire game.
 F = Experience gained in this place divided by the number of levels of this place that you have seen.
                   A       B       C       D       E      F
               +-------+-------+-------+-------+-------+----------------------
         Total | 100.0 | 100.0 |   N/A |   N/A | 100.0 |  81.7
       Dungeon | 100.0 | 100.0 |   N/A |   N/A | 100.0 |  81.7
               +-------+-------+-------+-------+-------+----------------------

Table legend: (Time is in decaauts)
 A = Elapsed time spent in this place.
 B = Non-inter-level travel time spent in this place.
 C = Inter-level travel time spent in this place.
 D = Time resting spent in this place.
 E = Time spent auto-exploring this place.
 F = Levels seen in this place.
 G = Mean time per level.
                   A        B        C        D        E       F      G
               +--------+--------+--------+--------+--------+-----+--------+
         Total |   2352 |   2321 |     31 |    664 |   1219 |   3 |  784.0 |
       Dungeon |   2352 |   2321 |     31 |    664 |   1219 |   3 |  784.0 |
               +--------+--------+--------+--------+--------+-----+--------+

Top non-repeatable levels by time:
     D:1: 1116 daAuts
     D:2: 779 daAuts
     D:3: 456 daAuts
